 Dungeon Crawl Stone Soup version 0.28.0-45-g0d030f2227 (webtiles) character file.

Game seed: 4836713631377087756

18 sking99 the Firebug (level 2, 0/15 HPs)
             Began as a Deep Elf Fire Elementalist on May 23, 2022.
             Killed from afar by a dart slug (4 damage)
             ... with a slug dart
             ... on level 2 of the Dungeon.
             The game lasted 00:02:08 (730 turns).

sking99 the Firebug (Deep Elf Fire Elementalist)     Turns: 730, Time: 00:02:09

Health: 0/15       AC:  2    Str:  5    XL:     2   Next: 51%
Magic:  1/8        EV: 10    Int: 19    God:
Gold:   27         SH:  0    Dex: 15    Spells: 4/7 levels left

rFire   . . .      SeeInvis .   (no weapon)
rCold   . . .      Faith    .   (no shield)
rNeg    . . .      Spirit   .   a - +0 robe
rPois   .          Reflect  .   (no helmet)
rElec   .          Harm     .   (no cloak)
rCorr   .          Rampage  .   (no gloves)
Will    .....                   (no boots)
Stlth   ++........              (no amulet)
HPRegen 0.05/turn               (no ring)
MPRegen 0.11/turn               (no ring)

@: constricted
A: no striking features
a: no special abilities


You were on level 2 of the Dungeon.
You visited 1 branch of the dungeon, and saw 2 of its levels.

You collected 27 gold pieces.

Inventory:

Armour
 a - a +0 robe (worn)
Jewellery
 e - a ring of willpower
Scrolls
 b - a scroll of teleportation {unknown}
 c - a scroll of fog {unknown}
Potions
 d - a potion of berserk rage {unknown}


   Skills:
 + Level 2.7 Dodging
 + Level 2.8 Stealth
 - Level 3.0 Spellcasting
 + Level 1.5 Conjurations
 * Level 3.7 Fire Magic


You had 4 spell levels left.
You knew the following spells:

 Your Spells              Type           Power      Damage    Failure   Level
a - Foxfire               Conj/Fire      48%        2x1d6     5%          1
b - Scorch                Fire           34%        2d7       4%          2

Your spell library contained the following spells:

 Spells                   Type           Power      Damage    Failure   Level
 Conjure Flame            Conj/Fire      12%        6-21      16%         3
 Sublimation of Blood     Necr           2%         N/A       22%         2
 Wereblood                Tmut           2%         N/A       22%         2
 Inner Flame              Hex/Fire       9%         N/A       22%         3
 Flame Wave               Conj/Fire      12%        2d6       45%         4
 Summon Hydra             Summ           1%         N/A       100%        7


Dungeon Overview and Level Annotations

Branches:
Dungeon (2/15)

Altars:


Message History

Casting: Foxfire (safe; 5% risk of failure)
Confirm with . or Enter, or press ? or * to list all spells.
Flames lash the adder.
The adder is heavily wounded.
The adder's fire resistance burns away.
The adder barely misses you.
Casting: Scorch (safe; 4% risk of failure)
Confirm with . or Enter, or press ? or * to list all spells.
You conjure some foxfire!
The adder bites you.
Casting: Foxfire (safe; 5% risk of failure)
Confirm with . or Enter, or press ? or * to list all spells.
You conjure some foxfire!
The foxfire hits the adder but does no damage.
The foxfire hits the adder.
The adder is lightly wounded.
The adder bites you. The adder misses you.
The ball python bites you but does no damage.
The ball python misses you.
A dart slug comes into view.
Casting: Foxfire (safe; 5% risk of failure)
Confirm with . or Enter, or press ? or * to list all spells.
You conjure some foxfire!
The adder is no longer more vulnerable to fire.
The foxfire hits the adder.
The adder is almost dead.
The foxfire hits the adder.
The adder is severely wounded.
The adder closely misses you. The adder bites you. The ball python bites you.
The ball python grabs you. The ball python constricts you.
Casting: Foxfire (safe; 5% risk of failure)
Confirm with . or Enter, or press ? or * to list all spells.
You conjure some foxfire!
The foxfire hits the adder.
The adder is almost dead.
The foxfire hits the adder.
You kill the adder!
The adder bites you but does no damage. The ball python bites you.
* * * LOW HITPOINT WARNING * * *
The ball python constricts you. The dart slug launches a dart at you.
The slug dart hits you.
You die...

##......#. #.........
#.#....... #........#
#........ .$.......#
##......S.
.........##.##....?...
.##...§vr........g....
.......@S##.##........
.......vS<)...........
....#.#####.##........
###..$ ##<....... $...
#........ w..##
#........ .##
......... ..#......
...#.##..#


You could see an adder (ally target), a dart slug, a ball python (ally target)
and a rat.

Vanquished Creatures
  An adder (D:2)
  A dart slug (D:1)
  An orc (D:2)
  A giant cockroach (D:2)
  2 goblins
  A hobgoblin (D:1)
  2 frilled lizards (D:1)
  10 rats (D:1)
19 creatures vanquished.

Vanquished Creatures (others)
  58 foxfires
58 creatures vanquished.

Grand Total: 77 creatures vanquished

Notes
Turn   | Place    | Note
-------+----------+-------------------------------------------
     0 | D:1      | sking99 the Deep Elf Fire Elementalist began the quest for
                  | the Orb.
     0 | D:1      | Reached XP level 1. HP: 10/10 MP: 6/6
   364 | D:1      | Reached XP level 2. HP: 15/15 MP: 5/8
   682 | D:1      | Learned a level 2 spell: Scorch
   730 | D:2      | Killed from afar by a dart slug

Illustrated notes

Levels and vault maps discovered:
D:1:      lightli_arrival_noodles, layout_basic, minmay_rat_gold_closets
D:2:      layout_rooms, dreamdust_ecumenical_altar_sealed_demon, serial_shops,
          shop_coins

Action                   || total
-------------------------++-------
Melee: Unarmed           ||     1
 Cast: Foxfire           ||    36
       Scorch            ||     1
Armor: Robe              ||     3
Dodge: Dodged            ||     6
